TOP OF THE 1ST |
Oakland Athletics batting - Pitching for Texas Rangers : RHP Jeff Byrd
|
Pitching: RHP Jeff Byrd
|
|
Batting: RHB Willie Randolph
|
0-0: Swinging Strike 0-1: Ball 1-1: Fly out, F9 (Flyball, 9S, EV 90.0 MPH)
|
Batting: RHB Toby Harrah
|
0-0: Ball 1-0: Swinging Strike 1-1: Ball 2-1: Foul Ball, location: 2F 2-2: Strikes out swinging
|
Batting: LHB Ben Oglivie
|
0-0: Called Strike 0-1: Swinging Strike 0-2: Fly out, F8 (Flyball, 8LD, EV 102.5 MPH)
|
Top of the 1st over - 0 runs, 0 hits, 0 errors, 0 left on base; Oakland 0 - Texas 0 |
BOTTOM OF THE 1ST |
Texas Rangers batting - Pitching for Oakland Athletics : RHP Dan Larson
|
Pitching: RHP Dan Larson
|
|
Batting: LHB Lenny Dykstra
|
0-0: Foul Ball, location: 2F 0-1: Bunted foul 0-2: Ball 1-2: Ball 2-2: Ball 3-2: SINGLE (Line Drive, 6MD, EV 106.9 MPH)
|
Batting: LHB Dallas Williams
|
0-0: Ball 1-0: Foul Ball, location: 2F 1-1: Swinging Strike 1-2: SINGLE (Line Drive, 9S, EV 96.9 MPH) Lenny Dykstra to second Runner from 2nd tries for 3rd, SAFE, no throw by RF
|
Batting: RHB Steve Garvey
|
0-0: Ball 1-0: Called Strike 1-1: Fly out, F7 (Flyball, 78M, EV 94.4 MPH) Runner from 3rd tags up, SCORES, no throw by LF
|
Batting: RHB Steve Balboni
|
0-0: Ball 1-0: Swinging Strike 1-1: Ball 2-1: Foul Ball, location: 2F 2-2: Fly out, F9 (Flyball, 9LD, EV 101.3 MPH)
|
Batting: LHB Jody Helser
|
0-0: Called Strike 0-1: Ball Wild Pitch! Dallas Williams to second 1-1: Ball 2-1: Ground out 4-3 (Groundball, 4, EV 85.6 MPH)
|
Bottom of the 1st over - 1 run, 2 hits, 0 errors, 1 left on base; Oakland 0 - Texas 1 |
TOP OF THE 2ND |
Oakland Athletics batting - Pitching for Texas Rangers : RHP Jeff Byrd
|
Batting: LHB Ruppert Jones
|
0-0: Ball 1-0: Called Strike 1-1: Ball 2-1: Foul Ball, location: 2F 2-2: Strikes out swinging
|
Batting: RHB Dave Henderson
|
0-0: Fly out, F9 (Flyball, 89M, EV 95.6 MPH)
|
Batting: LHB Reggie Jackson
|
0-0: Fly out, F9 (Flyball, 9D, EV 86.3 MPH)
|
Top of the 2nd over - 0 runs, 0 hits, 0 errors, 0 left on base; Oakland 0 - Texas 1 |
BOTTOM OF THE 2ND |
Texas Rangers batting - Pitching for Oakland Athletics : RHP Dan Larson
|
Batting: LHB Richie Hebner
|
0-0: Ball 1-0: Ball 2-0: Ball 3-0: Called Strike 3-1: Foul Ball, location: 2F 3-2: Base on Balls
|
Batting: LHB Ernie Whitt
|
0-0: Foul Ball, location: 2F 0-1: Fly out, F7 (Flyball, 7D, EV 101.9 MPH)
|
Batting: RHB Juan Rodriguez
|
0-0: Ball 1-0: Ball 2-0: Called Strike 2-1: Fielders Choice at 2nd, 4-6 (Groundball, 4, EV 81.9 MPH)
|
Batting: RHB Juan Samuel
|
0-0: Ball Juan Rodriguez is caught stealing 2nd base 2-4
|
Bottom of the 2nd over - 0 runs, 0 hits, 0 errors, 0 left on base; Oakland 0 - Texas 1 |
TOP OF THE 3RD |
Oakland Athletics batting - Pitching for Texas Rangers : RHP Jeff Byrd
|
Batting: RHB George Hendrick
|
0-0: Ball 1-0: Called Strike 1-1: Swinging Strike 1-2: Strikes out swinging
|
Batting: RHB Earl C Williams
|
0-0: Called Strike 0-1: SINGLE (Line Drive, 7S, EV 113.8 MPH)
|
Batting: RHB Scott Fletcher
|
0-0: Called Strike 0-1: Foul Ball, location: 2F 0-2: Ball 1-2: Ball 2-2: Fly out, F4 (Line Drive, 4, EV 65.0 MPH)
|
Batting: RHB Willie Randolph
|
0-0: Ball 1-0: Called Strike 1-1: Reached on error, E4 (Groundball, 4, EV 105.6 MPH) Earl C Williams to second
|
Batting: RHB Toby Harrah
|
0-0: Ball 1-0: Foul Ball, location: 2F 1-1: Ball 2-1: Called Strike 2-2: Strikes out looking
|
Top of the 3rd over - 0 runs, 1 hit, 1 error, 2 left on base; Oakland 0 - Texas 1 |
BOTTOM OF THE 3RD |
Texas Rangers batting - Pitching for Oakland Athletics : RHP Dan Larson
|
Batting: RHB Juan Samuel
|
0-0: DOUBLE (Line Drive, 89D, EV 108.8 MPH)
|
Batting: LHB Lenny Dykstra
|
0-0: Called Strike 0-1: Foul Ball, location: 2F 0-2: Fly out, F8 (Flyball, 78XD, EV 97.5 MPH) Runner from 2nd tags up, SAFE at 3rd, no throw by CF
|
Batting: LHB Dallas Williams
|
0-0: Ball 1-0: Foul Ball, location: 2F 1-1: Ball 2-1: Ball 3-1: Ground out 4-3 (Groundball, 4, EV 82.5 MPH) Juan Samuel scores
|
Batting: RHB Steve Garvey
|
0-0: Ball 1-0: Ground out 4-3 (Groundball, 4, EV 81.3 MPH)
|
Bottom of the 3rd over - 1 run, 1 hit, 0 errors, 0 left on base; Oakland 0 - Texas 2 |
TOP OF THE 4TH |
Oakland Athletics batting - Pitching for Texas Rangers : RHP Jeff Byrd
|
Batting: LHB Ben Oglivie
|
0-0: Fly out, F7 (Flyball, 7, EV 79.4 MPH)
|
Batting: LHB Ruppert Jones
|
0-0: Called Strike 0-1: Foul Ball, location: 2F 0-2: Foul Ball, location: 2F 0-2: Strikes out swinging
|
Batting: RHB Dave Henderson
|
0-0: Ball 1-0: Foul Ball, location: 2F 1-1: Ball 2-1: Called Strike 2-2: Strikes out swinging
|
Top of the 4th over - 0 runs, 0 hits, 0 errors, 0 left on base; Oakland 0 - Texas 2 |
BOTTOM OF THE 4TH |
Texas Rangers batting - Pitching for Oakland Athletics : RHP Dan Larson
|
Batting: RHB Steve Balboni
|
0-0: Called Strike 0-1: Ball 1-1: Called Strike 1-2: Foul Ball, location: 2F 1-2: Ball 2-2: Foul Ball, location: 2F 2-2: Strikes out looking
|
Batting: LHB Jody Helser
|
0-0: Ball 1-0: Ground out U3 (Groundball, 3, EV 87.5 MPH)
|
Batting: LHB Richie Hebner
|
0-0: Ball 1-0: Called Strike 1-1: Fly out, F9 (Flyball, 9LM, EV 96.3 MPH)
|
Bottom of the 4th over - 0 runs, 0 hits, 0 errors, 0 left on base; Oakland 0 - Texas 2 |
TOP OF THE 5TH |
Oakland Athletics batting - Pitching for Texas Rangers : RHP Jeff Byrd
|
Batting: LHB Reggie Jackson
|
0-0: Called Strike 0-1: Fly out, F6 (Popup, 6MS, EV 55.6 MPH)
|
Batting: RHB George Hendrick
|
0-0: Called Strike 0-1: Fly out, F4 (Popup, 4M, EV 72.5 MPH)
|
Batting: RHB Earl C Williams
|
0-0: Swinging Strike 0-1: Ball 1-1: Foul Ball, location: 2F 1-2: Foul Ball, location: 2F 1-2: Strikes out swinging
|
Top of the 5th over - 0 runs, 0 hits, 0 errors, 0 left on base; Oakland 0 - Texas 2 |
BOTTOM OF THE 5TH |
Texas Rangers batting - Pitching for Oakland Athletics : RHP Dan Larson
|
Batting: LHB Ernie Whitt
|
0-0: Ball 1-0: Fly out, F8 (Flyball, 8RM, EV 80.6 MPH)
|
Batting: RHB Juan Rodriguez
|
0-0: Ground out 6-3 (Groundball, 6, EV 105.6 MPH)
|
Batting: RHB Juan Samuel
|
0-0: Called Strike 0-1: Swinging Strike 0-2: SINGLE (Groundball, 6MD, EV 105.6 MPH)
|
Batting: LHB Lenny Dykstra
|
0-0: Ball Juan Samuel steals 2nd base 1-0: Foul Ball, location: 2F 1-1: Swinging Strike 1-2: SINGLE (Groundball, 6MD, EV 105.0 MPH) Juan Samuel to third Runner from 3rd tries for Home, SAFE, throw by CF to home
|
Batting: LHB Dallas Williams
|
0-0: Ball Lenny Dykstra steals 2nd base 1-0: Called Strike 1-1: Ball 2-1: Ball 3-1: SINGLE (Line Drive, 89S, EV 100.6 MPH) Lenny Dykstra to third Runner from 3rd tries for Home, SAFE, throw by RF to home Dallas Williams to second
|
Batting: RHB Steve Garvey
|
0-0: Called Strike 0-1: Called Strike 0-2: Ball Wild Pitch! Dallas Williams to third 1-2: Ground out 6-3 (Groundball, 6, EV 103.1 MPH)
|
Bottom of the 5th over - 2 runs, 3 hits, 0 errors, 1 left on base; Oakland 0 - Texas 4 |
TOP OF THE 6TH |
Oakland Athletics batting - Pitching for Texas Rangers : RHP Jeff Byrd
|
Batting: RHB Scott Fletcher
|
0-0: Ball 1-0: Ball 2-0: Ball 3-0: Called Strike 3-1: Base on Balls
|
Batting: RHB Willie Randolph
|
0-0: Ball 1-0: Foul Ball, location: 2F 1-1: Ball 2-1: Ball 3-1: Foul Ball, location: 2F 3-2: Strikes out swinging
|
Batting: RHB Toby Harrah
|
0-0: Called Strike 0-1: Foul Ball, location: 2F 0-2: Foul Ball, location: 2F 0-2: Ball 1-2: Ball 2-2: Ball 3-2: Fly out, F8 (Flyball, 8LXD, EV 103.8 MPH)
|
Batting: LHB Ben Oglivie
|
0-0: Fly out, F7 (Flyball, 7, EV 91.3 MPH)
|
Top of the 6th over - 0 runs, 0 hits, 0 errors, 1 left on base; Oakland 0 - Texas 4 |
BOTTOM OF THE 6TH |
Texas Rangers batting - Pitching for Oakland Athletics : RHP Dan Larson
|
Batting: RHB Steve Balboni
|
0-0: Ball 1-0: Ball 2-0: Fly out, F4 (Popup, 13, EV 85.0 MPH)
|
Batting: LHB Jody Helser
|
0-0: Ball 1-0: Ground out 4-3 (Groundball, 34, EV 85.0 MPH)
|
Batting: LHB Richie Hebner
|
0-0: Called Strike 0-1: Ball 1-1: Fly out, F7 (Line Drive, 7D, EV 88.8 MPH)
|
Bottom of the 6th over - 0 runs, 0 hits, 0 errors, 0 left on base; Oakland 0 - Texas 4 |
TOP OF THE 7TH |
Oakland Athletics batting - Pitching for Texas Rangers : RHP Jeff Byrd
|
Batting: LHB Ruppert Jones
|
0-0: Ball 1-0: Ball 2-0: Fly out, F7 (Flyball, 7D, EV 100.6 MPH)
|
Batting: RHB Dave Henderson
|
0-0: Called Strike 0-1: Called Strike 0-2: Foul Ball, location: 2F 0-2: Foul Ball, location: 2F 0-2: Ball 1-2: Foul Ball, location: 2F 1-2: Fly out, F7 (Flyball, 7LS, EV 80.6 MPH)
|
Batting: LHB Reggie Jackson
|
0-0: Foul Ball, location: 2F 0-1: Ball 1-1: Foul Ball, location: 2F 1-2: Ball 2-2: Strikes out swinging
|
Top of the 7th over - 0 runs, 0 hits, 0 errors, 0 left on base; Oakland 0 - Texas 4 |
BOTTOM OF THE 7TH |
Texas Rangers batting - Pitching for Oakland Athletics : RHP Dan Larson
|
Batting: LHB Ernie Whitt
|
0-0: Ball 1-0: Ball 2-0: Called Strike 2-1: Foul Ball, location: 2F 2-2: Ground out 6-3 (Groundball, 6, EV 87.5 MPH)
|
Batting: RHB Juan Rodriguez
|
0-0: Foul Ball, location: 2F 0-1: Reached on error, E6 (Groundball, 56, EV 106.9 MPH)
|
Batting: RHB Juan Samuel
|
0-0: Foul Ball, location: 2F 0-1: Ball 1-1: Ball 2-1: Foul Ball, location: 2F 2-2: Ball 3-2: Base on Balls
|
Batting: LHB Lenny Dykstra
|
0-0: Ball Juan Rodriguez steals 3rd base 1-0: Ball Wild Pitch! Juan Rodriguez scores Juan Samuel to second 2-0: Called Strike 2-1: Ball 3-1: Foul Ball, location: 2F 3-2: 2-RUN HOME RUN (Flyball, 9D, EV 107.5 MPH), Distance : 373 ft
|
Pitching: LHP Gerald Tyler
|
|
Batting: LHB Dallas Williams
|
0-0: Swinging Strike 0-1: Foul Ball, location: 2F 0-2: Ball 1-2: Ball 2-2: Foul Ball, location: 2F 2-2: SINGLE (Line Drive, 7LS, EV 98.1 MPH)
|
Batting: RHB Steve Garvey
|
0-0: Fly out, F9 (Flyball, 9, EV 98.1 MPH)
|
Batting: RHB Steve Balboni
|
0-0: Ball 1-0: Ball 2-0: Called Strike 2-1: Foul Ball, location: 2F 2-2: Reached on error, E5 (Groundball, 56S, EV 72.5 MPH) Dallas Williams to second
|
Batting: LHB Jody Helser
|
0-0: Foul Ball, location: 2F 0-1: Called Strike 0-2: Foul Ball, location: 2F 0-2: SINGLE (Line Drive, 3, EV 95.6 MPH) Dallas Williams to third Steve Balboni to second Runner from 3rd tries for Home, SAFE, throw by RF to home
|
Batting: LHB Richie Hebner
|
0-0: Fielders Choice at 2nd, 6-4 (Groundball, 6, EV 79.4 MPH)
|
Bottom of the 7th over - 4 runs, 3 hits, 2 errors, 2 left on base; Oakland 0 - Texas 8 |
TOP OF THE 8TH |
Oakland Athletics batting - Pitching for Texas Rangers : RHP Jeff Byrd
|
Batting: RHB George Hendrick
|
0-0: Fly out, F9 (Flyball, 9LM, EV 93.1 MPH)
|
Batting: RHB Earl C Williams
|
0-0: Called Strike 0-1: Ball 1-1: Ball 2-1: Foul Ball, location: 2F 2-2: Strikes out swinging
|
Pinch Hitting: RHB Fred Andrews
|
0-0: Called Strike 0-1: Ball 1-1: Swinging Strike 1-2: Strikes out swinging, 2-3 out at first.
|
Top of the 8th over - 0 runs, 0 hits, 0 errors, 0 left on base; Oakland 0 - Texas 8 |
BOTTOM OF THE 8TH |
Texas Rangers batting - Pitching for Oakland Athletics : LHP Gerald Tyler
|
Now at SS: Fred Andrews
|
|
Batting: LHB Ernie Whitt
|
0-0: Ball 1-0: Ball 2-0: Called Strike 2-1: Called Strike 2-2: Ground out 6-3 (Groundball, 6M, EV 83.1 MPH)
|
Batting: RHB Juan Rodriguez
|
0-0: Ball 1-0: Ground out 6-3 (Groundball, 6, EV 78.1 MPH)
|
Pinch Hitting: RHB Kim Andrew
|
0-0: Ball 1-0: Ball 2-0: Called Strike 2-1: Fly out, F7 (Flyball, 78S, EV 83.1 MPH)
|
Bottom of the 8th over - 0 runs, 0 hits, 0 errors, 0 left on base; Oakland 0 - Texas 8 |
TOP OF THE 9TH |
Oakland Athletics batting - Pitching for Texas Rangers : RHP Jeff Byrd
|
Pitching: RHP Alberto Zamora
|
|
Now at 2B: Kim Andrew
|
|
Batting: RHB Willie Randolph
|
0-0: Foul Ball, location: 2F 0-1: Ball 1-1: Ball 2-1: Called Strike 2-2: Ball 3-2: Base on Balls
|
Pinch Hitting: SHB Chico Walker
|
0-0: Foul Ball, location: 2F 0-1: Ball 1-1: Foul Ball, location: 2F 1-2: Ball 2-2: Foul Ball, location: 2F 2-2: Fly out, F8 (Flyball, 78M, EV 76.3 MPH)
|
Batting: LHB Ben Oglivie
|
0-0: Foul Ball, location: 2F 0-1: Foul Ball, location: 2F 0-2: Ball 1-2: Ball 2-2: Fly out, F9 (Flyball, 9D, EV 91.3 MPH)
|
Batting: LHB Ruppert Jones
|
0-0: Called Strike 0-1: Swinging Strike 0-2: Strikes out looking
|
Top of the 9th over - 0 runs, 0 hits, 0 errors, 1 left on base; Oakland 0 - Texas 8 |
|